 Dungeon Crawl Stone Soup version 0.25-a0-36-g303dd5b1f4 (webtiles) character file.

Game seed: 3457776356176319923, levelgen mode: deterministic

133 Mort the Skirmisher (level 5, -1/41 HPs)
             Began as a Barachi Wizard on Oct 20, 2019.
             Slain by a river rat (9 damage)
             ... on level 3 of the Dungeon.
             The game lasted 00:13:59 (2765 turns).

Mort the Skirmisher (Barachi Wizard)                Turns: 2765, Time: 00:14:00

Health: -1/41      AC:  3    Str:  8    XL:     5   Next: 16%
Magic:  1/9        EV: 12    Int: 19    God:
Gold:   81         SH:  4    Dex: 11    Spells: 4/10 levels left

rFire    . . .     SeeInvis .   e - +0 dagger
rCold    . . .     Gourm    .   (no shield)
rNeg     . . .     Faith    .   a - +0 robe
rPois    .         Spirit   .   b - +0 hat
rElec    .         Reflect  +   t - +0 cloak
rCorr    .         Harm     .   (no gloves)
MR       .....                  (no boots)
Stlth    ++........             o - +4 amulet of reflection
HPRegen  0.13/turn              (no ring)
MPRegen  0.11/turn              (no ring)

@: can't hop, slow
A: +LOS, swims, slowness 1, strong legs 1
a: Hop


You were on level 3 of the Dungeon.
You were not hungry.

You visited 1 branch of the dungeon, and saw 3 of its levels.

You collected 81 gold pieces.

Inventory:

Hand Weapons
 e - a +0 dagger (weapon)
Missiles
 c - 60 stones (quivered)
 u - a throwing net
Armour
 a - a +0 robe (worn)
 b - a +0 hat (worn)
 g - a cursed +0 ring mail
 p - a cursed +0 helmet
 t - a +0 cloak (worn)
Jewellery
 f - a +4 ring of evasion {unknown}
 o - a +4 amulet of reflection (around neck)
Wands
 r - a wand of flame (17)
Scrolls
 m - a scroll of magic mapping
 s - a scroll of blinking {unknown}
Potions
 i - a potion of heal wounds {unknown}
 j - a potion of lignification {unknown}
 k - 2 potions of mutation
Comestibles
 d - a ration
 l - 3 chunks of flesh


   Skills:
 + Level 3.4 Fighting
 - Level 2.1 Dodging
 - Level 1.7 Stealth
 - Level 3.2 Spellcasting
 + Level 3.0 Conjurations
 - Level 2.0 Summonings
   Level 1.1 Translocations
 - Level 2.0 Air Magic


You had 4 spell levels left.
You knew the following spells:

 Your Spells              Type           Power        Failure   Level  Hunger
a - Magic Dart            Conj           ##..         4%          1    None
b - Call Imp              Summ           ##......     10%         2    ##.....
c - Mephitic Cloud        Conj/Pois/Air  #.......     22%         3    ###....

Your spell library contained the following spells:

 Spells                   Type           Power        Failure   Level  Hunger
 Blink                    Tloc           N/A          14%         2    ##.....
 Slow                     Hex            #.......     22%         2    ##.....
 Conjure Flame            Conj/Fire      #.......     24%         3    ###....


Dungeon Overview and Level Annotations

Branches:
Dungeon (3/15)

Altars:
Elyvilon
Hepliaklqana
Trog
Xom


Innate Abilities, Weirdness & Mutations

Shadows flee at your approach. (+LOS)
You can swim through water.
You cover ground slowly.
You can hop short distances.


Message History

You feel better. You block the river rat's attack.
Casting: Call Imp (safe; 10% risk of failure)
Confirm with . or Enter, or press ? or * to list all spells.
Aiming: Magic Dart (safe; 4% risk of failure)
Press: ? - help, Shift-Dir - straight line, f/p - river rat
Aim: a river rat (moderately wounded)
The magic dart hits the river rat but does no damage.
The river rat is moderately wounded.
The river rat bites you but does no damage.
The river rat bites you.
* * * LOW HITPOINT WARNING * * *
Unknown command.
You closely miss the river rat.
The river rat is moderately wounded.
Your crimson imp blinks!
The river rat closely misses you.
You closely miss the river rat.
The river rat is moderately wounded.
The river rat bites you!
You die...

*,,,,......#≈..♣..≈#.$.*,#,.,,,
*,,,,................#+#.#*,,,,
*,,,,........♣._.♣........,,,,,
*******#........5...........,,,,,
,,,,,,,#.....#≈..♣..≈#....,,,,,,*
,,,,,,,#.....#≈≈...≈≈#....,,..,,,
,,,,,,.##....###§..###,...,..,,,*
,,,,,,..........r.## ******.,,,,*
,,,,,,.[........@.# *,.,,,,>*
,,,,,,............# *.#,**,**
******........##..#######.#,*..,,
*>****....................#....*,
,,,8**.###......)##............*,
,,,,**,* #####...............#**,
,,,,8*,* #.#....#.##.......,,
,,,,**** #.##.###.#*,......**
,,,8* #....# #.#*,,.....*


You could see a river rat and a friendly crimson imp.

Vanquished Creatures
  4 adders
  A worm (D:3)
  3 leopard geckos
  An orc (D:3)
  2 ball pythons (D:2)
  4 bats
  17 goblins
  5 hobgoblins
  2 jackals (D:1)
  A frilled lizard (D:1)
  6 kobolds
  8 rats
54 creatures vanquished.

Vanquished Creatures (collateral kills)
  Crazy Yiuf (D:2)
  Terence (D:2)
  Robin (D:2)
  A hobgoblin (D:3)
4 creatures vanquished.

Grand Total: 58 creatures vanquished

Notes
Turn   | Place    | Note
-------+----------+-------------------------------------------
     0 | D:1      | Mort the Barachi Wizard began the quest for the Orb.
     0 | D:1      | Reached XP level 1. HP: 13/13 MP: 4/4
   112 | D:1      | Reached skill level 1 in Fighting
   184 | D:1      | Reached XP level 2. HP: 21/21 MP: 0/6
   192 | D:1      | Learned a level 2 spell: Call Imp
   196 | D:1      | Found a blossoming altar of Fedhas.
   240 | D:1      | Found a shattered altar of Ashenzari.
   240 | D:1      | Found a shadowy altar of Dithmenos.
   241 | D:1      | Found an ancient bone altar of Kikubaaqudgha.
   241 | D:1      | Found a shimmering altar of Xom.
   241 | D:1      | Found a shimmering blue altar of Sif Muna.
   778 | D:1      | Reached XP level 3. HP: 27/27 MP: 4/7
   983 | D:2      | Found a bloodstained altar of Trog.
  1138 | D:2      | Learned a level 3 spell: Mephitic Cloud
  1275 | D:2      | Noticed Terence
  1335 | D:2      | Found a hazy altar of Hepliaklqana.
  1342 | D:2      | Noticed Robin
  1475 | D:2      | Killed Robin
  1475 | D:2      | Reached skill level 1 in Air Magic
  1475 | D:2      | Reached XP level 4. HP: 32/34 MP: 0/8
  1839 | D:2      | Found a runed translucent door.
  1840 | D:2      | Noticed Crazy Yiuf
  1899 | D:2      | Killed Terence
  2316 | D:2      | Killed Crazy Yiuf
  2454 | D:3      | Found a white marble altar of Elyvilon.
  2490 | D:3      | Reached XP level 5. HP: 35/41 MP: 0/9
  2707 | D:3      | Found a faded altar of an unknown god.
  2757 | D:3      | HP: 2/41 [river rat (9)]
  2765 | D:3      | Slain by a river rat

Levels and vault maps discovered:
D:1:      psy_arrival_basics, layout_rooms, serial_curves, eino_curves_04,
          eino_curves_01, eino_curves_01, kennysheep_another_room,
          corexii_corridor_pit, doesnt_xom_only_xom
D:2:      layout_rooms, lemuel_doored_altar, bloody_trog, uniq_terence,
          uniq_crazy_yiuf_cottage, uniq_robin
D:3:      layout_basic, nicolae_overflow_hidden_temple, elyvilon_altar_4,
          old_standard_altar, lightli_sewer_entry_pipes,
          chequers_ecumenical_altar_simple, goddamned_bats

Skill      XL: |  1  2  3  4  5 |
---------------+----------------+-----
Fighting       | 1 2 3 |  3.4
Conjurations   | 2 3 |  3.0
Summonings     | 2 |  2.0
Air Magic      | 1 2 |  2.0
Dodging        | |  2.1
Stealth        | |  1.7
Spellcasting   | |  3.2
Translocations | |  1.1

Action                   |  1- 3 |  4- 6 || total
-------------------------+-------+-------++-------
Melee: Dagger            |    10 |    20 ||    30
 Cast: Magic Dart        |    80 |    44 ||   124
       Call Imp          |     1 |    13 ||    14
       Mephitic Cloud    |       |     1 ||     1
 Abil: Hop               |       |     2 ||     2
  Use: Scroll            |       |     7 ||     7
       Potion            |       |     2 ||     2
  Eat: Chunk             |     2 |     5 ||     7
Armor: Robe              |     5 |     7 ||    12
Dodge: Dodged            |    20 |    22 ||    42
Block: Other             |       |     6 ||     6

Table legend:
 A = Non-vault XP
 B = Vault XP
 C = Vault XP percentage of total XP
 D = Non-vault monster count
 E = Vault monster count
 F = Vault count percentage of total count
                 A         B        C        D         E       F
            +---------+---------+-------+---------+---------+-------
      Total |      98 |      92 |  48.4 |      40 |      18 |  31.0
            +---------+---------+-------+---------+---------+-------
        D:1 |      36 |       0 |   0.0 |      21 |       0 |   0.0
        D:2 |      32 |      73 |  69.5 |      14 |      14 |  50.0
        D:3 |      30 |      19 |  38.8 |       5 |       4 |  44.4
            +---------+---------+-------+---------+---------+-------
